 Dungeon Crawl Stone Soup version 0.30-a0-172-gc5509c9e31 (webtiles) character file.

Game seed: 12390423448956022958

406 glaedl the Firebug (level 6, -2/37 HPs)
             Began as an Octopode Fire Elementalist on Oct 1, 2022.
             Was a Follower of Fedhas.
             Slain by Grinder (3 damage)
             ... while paralysed by Grinder
             ... on level 4 of the Dungeon on Oct 2, 2022.
             The game lasted 00:18:43 (2967 turns).

glaedl the Firebug (Octopode Fire Elementalist)     Turns: 2967, Time: 00:18:43

Health: -2/37      AC:  1    Str:  7    XL:     6   Next: 87%
Magic:  4/11       EV:  2    Int: 20    God:    Fedhas [*.....]
Gold:   202        SH:  0    Dex: 12    Spells: 10/11 levels left

rFire   . . .      SeeInvis .    f - +2 dagger (flame)
rCold   . . .      Faith    .    (no shield)
rNeg    . . .      Spirit   .    (helmet restricted)
rPois   .          Reflect  .    (no amulet)
rElec   .          Harm     .    (no ring)
rCorr   .          Rampage  .    (no ring)
Will    .....                    (no ring)
Stlth   +++.......               (no ring)
HPRegen 0.26/turn                (no ring)
MPRegen 0.12/turn                (no ring)
                                 (no ring)
                                 (no ring)

@: paralysed
A: almost no armour, amphibious, 8 rings, camouflage 1, gelatinous body 1,
(nimble swimmer 1), tentacles
a: Renounce Religion


You were on level 4 of the Dungeon.
You worshipped Fedhas.
Fedhas was aware of your devotion.
You visited 1 branch of the dungeon, and saw 4 of its levels.

You collected 202 gold pieces.

Inventory:

Hand Weapons
 d - a +0 whip
 f - a +2 dagger of flaming (weapon)
Armour
 c - an orb of mayhem
Scrolls
 h - a scroll of fear
 j - a scroll of blinking
 k - 2 scrolls of teleportation
 l - a scroll of magic mapping {unknown}
 m - a scroll of brand weapon {unknown}
Potions
 a - 3 potions of heal wounds {unknown}
 b - 2 potions of curing {unknown}
 e - a potion of attraction
 g - a potion of invisibility {unknown}
 i - a potion of resistance {unknown}


   Skills:
 + Level 0.5 Fighting
 * Level 1.4 Short Blades
 - Level 1.0 Maces & Flails
 + Level 2.6 Dodging
 + Level 4.2 Stealth
 + Level 1.2 Unarmed Combat
 + Level 3.3 Spellcasting
 + Level 2.9 Conjurations
 + Level 4.4 Fire Magic


You had 10 spell levels left.
You knew the following spells:

 Your Spells              Type           Power      Damage    Failure   Level
a - Foxfire               Conj/Fire      72%        2x1d7     3%          1

Your spell library contained the following spells:

 Spells                   Type           Power      Damage    Failure   Level
 Scorch                   Fire           42%        2d7       3%          2
 Inner Flame              Hex/Fire       12%        N/A       17%         3
 Ensorcelled Hibernation  Hex/Ice        6%         N/A       21%         2
 Kindle Blastsparks       Fire/Tloc/Air  18%        2d11      22%         3
 Flame Wave               Conj/Fire      18%        2d7       30%         4
 Spider Form              Tmut/Pois      3%         N/A       38%         3
 Anguish                  Hex/Necr       1%         N/A       80%         4


Dungeon Overview and Level Annotations

Branches:
Dungeon (4/15)
 Temple: D:4-7

Altars:
Cheibriados
Fedhas

Annotations:
D:4 Grinder, Sigmund


Innate Abilities, Weirdness & Mutations

You cannot wear most types of armour.
You are amphibious.
You can wear up to eight rings at the same time.
Your skin changes colour to match your surroundings (Stealth+).
Your rubbery body absorbs attacks. (AC +1, EV +1)
((You are camouflaged when in or above water. (Stealth+)))
You have tentacles for arms and can constrict up to eight enemies at once.


Message History

You constrict Grinder. Grinder hits you!
* * * LOW HITPOINT WARNING * * *
You writhe in agony.
* * * LOW HITPOINT WARNING * * *
The kobold throws a stone.
The stone hits you.
* * * LOW HITPOINT WARNING * * *
Casting: Foxfire (safe; 3% risk of failure)
Press: ? - help, Q - select action Dir - look around, f - activate You conjure some foxfire!
You constrict Grinder.
The foxfire hits Grinder.
Grinder is moderately wounded.
The foxfire hits Grinder.
Grinder is moderately wounded.
Grinder struggles to blink free from constriction.
The teleport trap disappears.
The kobold disappears!
You hit Grinder but do no damage. You squeeze Grinder.
Grinder is heavily wounded.
You constrict Grinder.
The foxfire hits Grinder but does no damage.
Grinder is heavily wounded.
The foxfire hits Grinder.
Grinder is heavily wounded.
Grinder closely misses you.
Casting: Foxfire (safe; 3% risk of failure)
Press: ? - help, Q - select action Dir - look around, f - activate You conjure some foxfire!
You constrict Grinder. Grinder hits you but does no damage.
You hit Grinder but do no damage.
Grinder is heavily wounded.
You constrict Grinder.
The foxfire hits Grinder.
Grinder is severely wounded.
The foxfire hits Grinder.
Grinder is severely wounded.
Grinder gestures at you.
You suddenly lose the ability to move!
You lose your grip on Grinder.
Grinder hits you.
* * * LOW HITPOINT WARNING * * *
Grinder hits you.
You die...
Fedhas appreciates your contribution to the ecosystem.

##### .... ####.####
#.......# #...@5..#
#.......#
>..^..$_...#..... ..
#'.#.......#....# ..
#..#.......#....##.
... #.......#.......
.....######### .....
#### .## ...... #..#
#..##
.######...######..###


You could see Grinder.

Vanquished Creatures
  Eustachio (D:4)
  An iguana (D:4)
  Natasha (thrice) (D:2)
  An orc wizard (D:3)
  3 adders
  3 worms (D:3)
  4 dart slugs
  8 orcs
  3 ball pythons
  3 bats
  6 endoplasms
  5 giant cockroaches
  12 goblins
  5 hobgoblins
  4 quokkas
  2 frilled lizards
  6 kobolds
  2 rats (D:3)
72 creatures vanquished.

Vanquished Creatures (collateral kills)
  Robin (D:2)
  A goblin (D:2)
  3 hobgoblins (D:2)
  A foxfire (D:3)
6 creatures vanquished.

Vanquished Creatures (others)
  An orc (D:3)
  151 foxfires
152 creatures vanquished.

Grand Total: 230 creatures vanquished

Notes
Turn   | Place    | Note
-------+----------+-------------------------------------------
     0 | D:1      | glaedl the Octopode Fire Elementalist began the quest for
                  | the Orb.
     0 | D:1      | Reached XP level 1. HP: 11/11 MP: 3/3
   345 | D:1      | Reached XP level 2. HP: 17/17 MP: 5/5
  1099 | D:2      | Reached XP level 3. HP: 17/21 MP: 1/6
  1204 | D:2      | Reached skill level 1 in Unarmed Combat
  1414 | D:2      | Noticed Robin
  1417 | D:2      | Reached XP level 4. HP: 25/27 MP: 5/7
  1421 | D:2      | Noticed Natasha
  1423 | D:2      | Killed Robin
  1436 | D:2      | Killed Natasha
  1738 | D:2      | Noticed Natasha
  1744 | D:2      | Killed Natasha
  1745 | D:2      | Reached XP level 5. HP: 22/31 MP: 5/8
  1778 | D:2      | Noticed Natasha
  1787 | D:2      | Killed Natasha
  2119 | D:3      | Reached skill level 1 in Maces & Flails
  2646 | D:3      | Found a faded altar of an unknown god.
  2656 | D:3      | Prayed at the altar of an unknown god.
  2656 | D:3      | Became a worshipper of Fedhas Madash
  2656 | D:3      | Reached * piety under Fedhas
  2712 | D:4      | Noticed Eustachio
  2739 | D:4      | Killed Eustachio
  2740 | D:4      | Reached skill level 1 in Short Blades
  2740 | D:4      | Reached XP level 6. HP: 30/37 MP: 4/10
  2931 | D:4      | Noticed Sigmund
  2953 | D:4      | Found a snail-covered altar of Cheibriados.
  2953 | D:4      | Noticed Grinder
  2965 | D:4      | Paralysed by Grinder for 5 turns
  2966 | D:4      | HP: 1/37 [Grinder (3)]
  2967 | D:4      | Slain by Grinder

Illustrated notes

Levels and vault maps discovered:
D:1:      beargit_arrival_diablo_church, layout_loops_corners, serial_glass,
          glass_columns_a, glass_columns_c, glass_columns_c, glass_columns_a
D:2:      layout_basic, uniq_natasha, uniq_robin
D:3:      layout_rooms, dreamdust_ecumenical_altar_sealed_demon,
          kennysheep_big_empty_room, minmay_misc_feat_five, grunt_ministairs_2
D:4:      layout_gridville, trog_hazing_becter, lemuel_tele_altar,
          minmay_temple_entry_grid, uniq_grinder, uniq_pikel, uniq_sigmund,
          uniq_eustachio

Skill      XL: |  1  2  3  4  5 |
---------------+----------------+-----
Stealth        | 3 4 |  4.2
Unarmed Combat | 1 |  1.2
Maces & Flails | 1 |  1.0
Fire Magic     | 4 |  4.4
Conjurations   | 2 |  2.9
Short Blades   | 1 |  1.4
Spellcasting   | 3 |  3.3
Fighting       | |  0.5
Dodging        | |  2.6

Action                   |  1- 3 |  4- 6 || total
-------------------------+-------+-------++-------
Melee: Unarmed           |    20 |       ||    20
       Tentacles         |    13 |    13 ||    26
       Constrict         |    13 |    17 ||    30
       Whip              |    34 |    11 ||    45
       Dagger            |       |    35 ||    35
 Cast: Foxfire           |    23 |    74 ||    97
  Use: Potion            |       |     6 ||     6
       Scroll            |       |     5 ||     5
 Stab: Sleeping          |     5 |     1 ||     6
Armor: Skin              |    10 |     2 ||    12
Dodge: Dodged            |    46 |    29 ||    75

Table legend: (Time is in decaauts)
 A = Elapsed time spent in this place.
 B = Non-inter-level travel time spent in this place.
 C = Inter-level travel time spent in this place.
 D = Time resting spent in this place.
 E = Time spent auto-exploring this place.
 F = Levels seen in this place.
 G = Mean time per level.
                   A        B        C        D        E       F      G
               +--------+--------+--------+--------+--------+-----+--------+
         Total |   2981 |   2870 |    111 |    407 |   1699 |   4 |  745.2 |
       Dungeon |   2981 |   2870 |    111 |    407 |   1699 |   4 |  745.2 |
               +--------+--------+--------+--------+--------+-----+--------+

Top non-repeatable levels by time:
     D:1: 1045 daAuts
     D:2: 848 daAuts
     D:3: 794 daAuts
     D:4: 293 daAuts
